 Dungeon Crawl Stone Soup version 0.19.5 (webtiles) character file.

1133 Gargoyl the Skirmisher (level 8, 0/68 (69) HPs)
             Began as a Ghoul Abyssal Knight on Mar 20, 2017.
             Was a Priest of Lugonu.
             Slain by an ogre
             ... wielding a +0 giant spiked club
              (10 damage)
             ... on level 4 of the Dungeon.
             The game lasted 00:11:21 (4703 turns).

Gargoyl the Skirmisher (Ghoul Abyssal Knight)       Turns: 4703, Time: 00:11:21

HP:   0/68 (69)     AC: 12    Str: 16    XL:     8   Next: 36%
MP:   8/8           EV:  1    Int:  7    God:    Lugonu [***...]
Gold: 307           SH: 13    Dex: 10    Spells: 0 memorised, 7 levels left

rFire  + . .     SeeInvis .     a - +1 hand axe
rCold  + . .     Gourm    .     q - +0 plate armour
rNeg   + + +     Faith    .     f - +0 large shield
rPois  ∞         Spirit   .     g - +0 helmet
rElec  .         Reflect  .     (no cloak)
rCorr  .         Harm     .     (no gloves)
MR     +....                    (no boots)
Stlth  ..........               (no amulet)
                                s - ring of protection from fire
                                e - ring of protection from magic

@: rotting
A: rotting body, claws 1, carnivore 3, cold resistance 1, negative energy
resistance 3, slow regeneration 1, torment resistance, unbreathing
a: Depart the Abyss, Bend Space, Banish, Renounce Religion


You were on level 4 of the Dungeon.
You worshipped Lugonu.
Lugonu was most pleased with you.
You were not hungry.

You visited 1 branch of the dungeon, and saw 5 of its levels.
You visited the Abyss 1 time.

You collected 307 gold pieces.

Inventory:

Hand Weapons
 a - a +1 hand axe (weapon)
 p - a cursed -3 dagger
Armour
 f - a +0 large shield (worn)
 g - a +0 helmet (worn)
 q - a +0 plate armour (worn)
Jewellery
 e - a ring of protection from magic (left claw)
 l - an uncursed ring of flight
 s - a ring of protection from fire (right claw)
Scrolls
 j - a scroll of amnesia
 k - 9 scrolls of identify
 o - a scroll of remove curse
 r - 2 scrolls of teleportation
Potions
 b - a potion of haste {unknown}
 h - a potion of magic {unknown}
 n - 3 potions of curing {unknown}
Comestibles
 c - 4 meat rations
 d - a slice of pizza
 i - 2 royal jellies


   Skills:
 + Level 5.4 Fighting
 + Level 5.0 Axes
 + Level 4.0 Armour
 + Level 1.9 Dodging
 + Level 0.2 Stealth
 + Level 4.4 Shields
 + Level 2.3 Invocations


You had 7 spell levels left.
You didn't know any spells.

Dungeon Overview and Level Annotations

Branches:
Dungeon (5/15)
 Temple: D:4-7

Altars:
Makhleb
Uskayaw

Annotations:
Abyss:1 Purgy


Innate Abilities, Weirdness & Mutations

Your body is rotting away.
You thrive on raw meat.
You are immune to poison.
You have sharp fingernails.
You are carnivorous and can eat meat at any time.
Your flesh is cold resistant. (rC+)
You are immune to negative energy. (rN+++)
You regenerate slowly when monsters are visible.
You are immune to unholy pain and torment.
You can survive without breathing.


Message History

Your plate armour prevents you from hitting the ogre.
The ogre is lightly wounded.
The ogre hits you with a giant spiked club!
Your shield and plate armour prevent you from hitting the ogre.
The ogre is lightly wounded.
The ogre hits you with a giant spiked club.
You completely miss the ogre.
The ogre is lightly wounded.
The ogre hits you with a giant spiked club!!
You hit the ogre.
The ogre is moderately wounded.
The ogre hits you with a giant spiked club!!
* * * LOW HITPOINT WARNING * * *
You slash the ogre!
The ogre is heavily wounded.
You block the ogre's attack.
Your shield prevents you from hitting the ogre.
The ogre is heavily wounded.
The ogre hits you with a giant spiked club!
You die...

#######.....######....###########
.................................
#######................#########.
##....##.##......# #.
##.#.##.#.....#.# #.
##.#.##.#...###.# #[
##....###§§§## #.# ##
##.....####O§# #.# #
#........§§@§# #.# #
######......####§§####.### *#
............# #§.§......# ##.
######.####.# #..####.#.######.#
#.# #.####..####.#......... #.#
#.........).)###....... #.#
####.##.####>#*#.####.# #.#
#.##.# #.....# ##.# #.# #.##.#
####### #...


You could see an ogre.

Vanquished Creatures
  Grinder (D:3)
  The ghost of Sanvar the Shooter, an amateur HEHu (D:4)
  Sigmund (D:2)
  A howler monkey (D:4)
  4 hounds
  An orc wizard (D:3)
  Jessica (D:3)
  Ijyb (D:3)
  Terence (D:3)
  2 worker ants (D:4)
  Robin (D:4)
  5 adders (D:2)
  6 gnolls (D:3)
  3 oozes
  An adder skeleton (D:4)
  A worm (D:3)
  4 dart slugs
  A leopard gecko (D:4)
  4 orcs (D:3)
  2 ball pythons
  3 giant cockroaches
  11 goblins
  13 hobgoblins
  12 jackals
  2 quokkas
  9 bats
  6 frilled lizards
  8 kobolds
  8 rats
114 creatures vanquished.

Notes
Turn   | Place    | Note
-------+----------+-------------------------------------------
     0 | Abyss:1  | Gargoyl the Ghoul Abyssal Knight began the quest for the Orb.
     0 | Abyss:1  | Reached XP level 1. HP: 19/19 MP: 1/1
   103 | Abyss:2  | Got a bronze leather armour
   109 | Abyss:2  | Noticed a large abomination
   110 | D:1      | Escaped the Abyss
   116 | D:1      | Identified the cursed +0 leather armour "Upeone" {rCorr} (You found it on level 2 of the Abyss)
   200 | D:1      | Reached * piety under Lugonu
   200 | D:1      | Reached skill level 1 in Dodging
   204 | D:1      | Reached XP level 2. HP: 19/26 MP: 2/2
   755 | D:1      | Reached XP level 3. HP: 32/33 MP: 3/3
  1238 | D:2      | Reached skill level 1 in Shields
  1254 | D:2      | Reached ** piety under Lugonu
  1365 | D:2      | Reached XP level 4. HP: 7/40 MP: 4/4
  1865 | D:2      | Found a burning altar of Makhleb.
  1886 | D:2      | Reached XP level 5. HP: 35/46 MP: 5/5
  1999 | D:2      | Noticed Sigmund
  2056 | D:2      | Killed Sigmund
  2056 | D:2      | Reached XP level 6. HP: 23/53 MP: 6/6
  2541 | D:3      | You fall through a shaft for 2 floors!
  2541 | D:5      | Entered Level 5 of the Dungeon
  2850 | D:4      | Reached XP level 7. HP: 35/60 MP: 7/7
  2905 | D:4      | Noticed Robin
  2916 | D:4      | Reached *** piety under Lugonu
  2920 | D:4      | Killed Robin
  3131 | D:3      | Noticed Grinder
  3131 | D:3      | Paralysed by Grinder for 7 turns
  3415 | D:3      | Noticed Jessica
  3423 | D:3      | Killed Jessica
  3431 | D:3      | Noticed Purgy
  3434 | D:3      | Banished Purgy
  3434 | D:3      | Reached skill level 5 in Fighting
  3643 | D:3      | Paralysed by Grinder for 4 turns
  3650 | D:3      | Paralysed by Grinder for 6 turns
  3697 | D:3      | Paralysed by Grinder for 4 turns
  3701 | D:3      | Killed Grinder
  3701 | D:3      | Reached XP level 8. HP: 58/68 MP: 8/8
  3768 | D:3      | Found a hide-covered altar of Uskayaw.
  3784 | D:3      | Noticed a dagger
  3785 | D:3      | Noticed a hand axe
  3854 | D:3      | Noticed Ijyb
  3879 | D:3      | Killed Ijyb
  4055 | D:3      | Noticed Terence
  4067 | D:3      | Killed Terence
  4228 | D:4      | Noticed Sanvar's ghost (amateur HEHu)
  4405 | D:4      | Killed Sanvar's ghost
  4405 | D:4      | Reached skill level 5 in Axes
  4703 | D:4      | Slain by an ogre

Skill      XL: |  1  2  3  4  5  6  7  8 |
---------------+-------------------------+-----
Dodging        | 1 |  1.9
Axes           | 2 3 4 5 |  5.0
Fighting       | 4 5 |  5.4
Shields        | 1 2 3 4 |  4.4
Armour         | 2 3 4 |  4.0
Stealth        | |  0.2
Invocations    | |  2.3

Action                   |  1- 3 |  4- 6 |  7- 9 || total
-------------------------+-------+-------+-------++-------
Melee: Hand axe          |   112 |   236 |   309 ||   657
Invok: Depart the Abyss  |     1 |       |       ||     1
       Banish            |       |       |     3 ||     3
       Bend Space        |       |       |     1 ||     1
  Use: Scroll            |     1 |     6 |     2 ||     9
       Potion            |       |     3 |       ||     3
  Eat: Chunk             |    16 |    30 |    21 ||    67
Armor: Leather armour    |    45 |    14 |       ||    59
       Plate armour      |       |   145 |   193 ||   338
Dodge: Dodged            |    31 |    16 |    17 ||    64
Block: Large shield      |    93 |   166 |   197 ||   456
